cohdb
Replays
Latest Replays
All Replays
Popular Replays
Top Player Replays
Match Explorer
How It Works
Community
CoH3 Stats
Reddit
Sign in to upload your games and track your stats! →
Sign in with Steam
Match 47245431
Unlisted
Match 47245431
Overview
Messages
Build Orders
End
Panzergrenadier Squad
Kradschützen Motorcycle Team
250 Light Carrier
Construct Light Support Kompanie
Combat Half-tracks
Panzerjäger Squad
Construct Mechanized Kompanie
Panzergrenadier Squad
8 Rad Armored Car
Selects Armored Support Battlegroup
Selects Superior Fire Drills
Vehicle Survival Package
2.5-tonne Medical Truck
[BPX] Kronosaur0s
Calosius
Force Concentration Zulu
Dumais
0
0
Comments
sign in to comment!
No comments posted yet!